Match 42514440
Unlisted

Match 42514440
End
Engineer Squad
Construct Barracks
Riflemen Squad
1⁄4-ton 4x4 Truck
Riflemen Squad
Infantry Support Center
Grenade Package
Construct Medical Station
Selects Heavy Weapons
Selects Assault Carriers
Construct Weapon Support Center
Riflemen Squad
Selects Exchangeable Parts
M3 Assault Carrier
M1918 Browning Automatic Rifles
M3 Assault Carrier
Scout Squad
Construct Tank Depot
M18 Hellcat Tank Destroyer
Riflemen Squad
M4A1 Sherman Medium Tank
M18 Hellcat Tank Destroyer
Scout Squad
Selects M26 Pershing Heavy Tank
Strider_perc
KevinTDW
entalp99
Spitfire
0
0

Comments sign in to comment!

No comments posted yet!